Map: Moondance

Players

NightMare - Winner!

  • Race: Protoss Protoss
  • Spawn Location: 6:00

Nice

  • Race: Protoss Protoss
  • Spawn Location: 12:00

Event: DreamHack SC2 Masters 2022 Atlanta (Offline)

VOD

Have the link to the VOD?

Description

Time

  • Played on: Nov. 18, 2022, 4:18 p.m.
  • Length: 7:32

All games in this series

Show
View Real Time Build Order
Export as new Build Order

NightMare Protoss - Winner!

Build Orders:  

Get SALT Encoding   

  12  0:00  Probe  
  13  0:12  Probe  
  14  0:17  Pylon  
  14  0:24  Probe  
  15  0:36  Probe (Chrono Boost)  
  15  0:37  Gateway  
  16  0:46  Probe (Chrono Boost)  
  16  0:47  Assimilator  
  17  0:51  Probe (Chrono Boost)  
  18  0:58  Assimilator  
  18  1:03  Probe (Chrono Boost)  
  19  1:09  Gateway  
  19  1:14  Probe (Chrono Boost)  
  20  1:19  Probe (Chrono Boost)  
  21  1:25  Cybernetics Core  
  21  1:30  Probe  
  22  1:35  Pylon  
  22  1:42  Probe  
  23  1:54  Probe  
  23  1:59  Warp Gate (Chrono Boost)  
  24  2:04  Adept x2  
  28  2:12  Pylon  
  28  2:22  Pylon  
  28  2:33  Stalker  
  28  2:34  Stalker  
  32  2:43  Robotics Facility  
  32  2:51  Gateway  
  32  3:03  Stalker  
  32  3:04  Stalker  
  35  3:15  Pylon  
  35  3:23  Shield Battery  
  35  3:33  Immortal  
  39  3:41  Pylon  
  39  3:43  Sentry  
  39  3:47  Sentry  
  43  3:56  Stalker  
  45  4:09  Warp Prism (Chrono Boost)  
  47  4:20  Stalker  
  47  4:22  Stalker  
  49  4:29  Stalker  
  49  4:48  Immortal  
  53  4:54  Pylon  
  53  5:05  Probe  
  53  5:16  Adept x2  
  58  5:27  Observer  
  58  5:39  Stalker x2  
  62  5:45  Pylon  
  62  5:46  Stalker  
  63  6:10  Stalker x3  
  69  6:19  Pylon  
  69  6:46  Stalker x3  
  54  7:12  Stalker x3  
Show
View Real Time Build Order
Export as new Build Order

Nice Protoss 

Build Orders:  

Get SALT Encoding   

  12  0:00  Probe  
  13  0:12  Probe  
  14  0:17  Pylon  
  14  0:24  Probe (Chrono Boost)  
  16  0:36  Probe (Chrono Boost)  
  16  0:37  Gateway  
  16  0:41  Probe (Chrono Boost)  
  16  0:45  Assimilator  
  17  0:51  Assimilator  
  17  0:54  Probe (Chrono Boost)  
  18  1:06  Probe (Chrono Boost)  
  18  1:08  Gateway  
  19  1:15  Probe (Chrono Boost)  
  20  1:21  Probe  
  21  1:26  Cybernetics Core  
  21  1:33  Probe  
  22  1:42  Pylon  
  22  1:45  Probe  
  23  2:02  Robotics Facility  
  23  2:06  Stalker  
  23  2:07  Warp Gate  
  27  2:16  Stalker  
  27  2:17  Pylon  
  27  2:20  Probe  
  28  2:36  Stalker  
  29  2:46  Stalker  
  29  2:50  Observer (Chrono Boost)  
  32  2:56  Gateway  
  32  3:10  Warp Prism (Chrono Boost)  
  34  3:19  Stalker  
  36  3:20  Stalker  
  38  3:27  Pylon  
  38  3:57  Stalker x3  
  38  4:02  Shield Battery  
  44  4:04  Observer  
  43  4:20  Stargate  
  43  4:32  Probe  
  44  4:40  Pylon  
  44  4:49  Observer  
  44  4:53  Pylon  
  44  4:55  Immortal (Chrono Boost)  
  48  5:00  Observer  
  48  5:06  Phoenix  
  50  5:14  Observer  
  50  5:16  Nexus  
  50  5:19  Shield Battery  
  50  5:26  Observer (Chrono Boost)  
  52  5:33  Pylon  
  52  5:34  Phoenix  
  53  5:52  Stalker  
  54  6:06  Shield Battery, Phoenix  
  56  6:21  Zealot x2, Stalker  
  62  6:33  Shield Battery  
  62  6:48  Stalker  
  62  6:49  Stalker  
  62  6:52  Zealot  
  52  7:12  Zealot x3  
Tags
 
Add a new tag
Caveats
  • Supply blocks, unpowered buildings, or Contaminate may cause inaccurate times.
  • Supply counts are checked every 10 seconds.